 Dungeon Crawl Stone Soup version 0.26.1-11-gd32895ea62 (webtiles) character file.

Game seed: 2573834127545711264

235 Tirrikindir the Slasher (level 6, -6/43 HPs)
             Began as an Octopode Fighter on June 2, 2021.
             Mangled by a wraith (10 damage)
             ... in an ossuary.
             The game lasted 00:06:50 (3638 turns).

Tirrikindir the Slasher (Octopode Fighter)          Turns: 3638, Time: 00:06:51

Health: -6/43      AC:  1    Str: 14 (16) XL:     6   Next: 6%
Magic:  6/6        EV: 12    Int:  8 (11) God:
Gold:   188        SH:  8    Dex:  9 (12) Spells: 5/5 levels left

rFire    . . .     SeeInvis .   a - +0 long sword
rCold    . . .     Faith    .   b - +0 kite shield
rNeg     . . .     Spirit   .   (helmet restricted)
rPois    .         Reflect  .   (no amulet)
rElec    .         Harm     .   (no ring)
rCorr    .         Rampage  .   (no ring)
Will     .....                  (no ring)
Stlth    +++.......             (no ring)
HPRegen  0.14/turn              (no ring)
MPRegen  0.10/turn              (no ring)
                                (no ring)
                                (no ring)

@: hasted and slowed
A: almost no armour, stealthy swim, amphibious, 8 rings, constrict 8, camouflage
1, gelatinous body 1
a: no special abilities


You were in an ossuary.
You visited 1 branch of the dungeon, and saw 4 of its levels.
You also visited: Ossuary.

You collected 188 gold pieces.

Inventory:

Hand Weapons
 a - a +0 long sword (weapon)
 g - a +0 short sword
Missiles
 i - 6 poisoned darts (quivered)
Armour
 b - a +0 kite shield (worn)
Jewellery
 d - an uncursed ring of ice
Scrolls
 e - a scroll of magic mapping
 f - 2 scrolls of teleportation
 l - a scroll of acquirement {unknown}
Potions
 c - a potion of haste
 h - a potion of flight
 j - a potion of ambrosia {unknown}
 k - a potion of brilliance
 m - a potion of curing {unknown}
 n - a potion of degeneration


   Skills:
 + Level 3.7 Fighting
 * Level 3.9 Long Blades
 + Level 3.7 Dodging
 + Level 3.1 Stealth
 + Level 3.7 Shields


You had 5 spell levels left.
You didn't know any spells.
Your spell library was empty.

Dungeon Overview and Level Annotations

Branches:
Dungeon (4/15)             Temple (0/1) D:4         Ossuary (1/1)

Altars:
Elyvilon
Qazlal
Uskayaw
Wu Jian
Yredelemnul
Zin


Innate Abilities, Weirdness & Mutations

You cannot wear most types of armour.
You are very stealthy in the water. (Stealth+)
You are amphibious.
You can wear up to eight rings at the same time.
You can use your tentacles to constrict eight enemies at once.
Your skin changes colour to match your surroundings (Stealth+).
Your rubbery body absorbs attacks. (AC +1, EV +1)


Message History

You hit the wraith.
The wraith is moderately damaged.
You block the wraith's attack.
You hit the wraith but do no damage.
The wraith is moderately damaged.
The wraith misses you. The wraith barely misses you.
You hit the wraith.
The wraith is heavily damaged.
You block the wraith's attack.
You hit the wraith.
The wraith is severely damaged.
The wraith hits you!
* * * LOW HITPOINT WARNING * * *
The wraith drains your vigour!
You feel as though you will be slow longer.
It was a potion of degeneration.
There was something very wrong with that liquid.
You feel weakened.
You feel dopey.
You feel clumsy. The wraith hits you!
You die...

.. .#. . ... ... #
.... #..# # ...8...
#...
####.....####..### ..#
...............^.....#
.....# #......... ...#
.....# #.......####..#
.8...# #^..8....@W#..#
...^.###.......####..#
...........^.........#
#.#..#.#..#.#........#
#'#.^#'#..#'#..####..#
#.#..#.#..#.#...'.#..#
###..###..###..####..#
........^............#
..^^.................#


You could see a wraith.

Vanquished Creatures
  A hound (D:4)
  A human zombie (Ossuary)
  An orc wizard (D:4)
  3 gnolls (D:3)
  3 adders
  An ooze (D:2)
  A worm (D:2)
  2 dart slugs (D:1)
  A leopard gecko (D:3)
  6 orcs
  7 bats
  4 giant cockroaches
  5 goblins
  12 hobgoblins
  2 jackals (D:2)
  10 kobolds
  A quokka (D:2)
  A ball python (D:3)
  A frilled lizard (D:1)
  A giant cockroach zombie (D:2)
  2 goblin zombies (Ossuary)
  2 hobgoblin zombies (Ossuary)
  A kobold zombie (Ossuary)
  An orc zombie (Ossuary)
  3 rats
73 creatures vanquished.

Vanquished Creatures (others)
  5 plants
5 creatures vanquished.

Grand Total: 78 creatures vanquished

Notes
Turn   | Place    | Note
-------+----------+-------------------------------------------
     0 | D:1      | Tirrikindir the Octopode Fighter began the quest for the
                  | Orb.
     0 | D:1      | Reached XP level 1. HP: 16/16 MP: 1/1
    62 | D:1      | Reached XP level 2. HP: 14/21 MP: 2/2
   431 | D:1      | Reached skill level 1 in Stealth
   495 | D:1      | Reached XP level 3. HP: 24/26 MP: 3/3
  1097 | D:2      | Reached XP level 4. HP: 28/31 MP: 4/4
  1221 | D:2      | Found a stormy altar of Qazlal.
  2290 | D:3      | Found a glowing silver altar of Zin.
  2291 | D:3      | Found a white marble altar of Elyvilon.
  2293 | D:3      | Found a hide-covered altar of Uskayaw.
  2437 | D:3      | Found a basalt altar of Yredelemnul.
  2690 | D:3      | Reached XP level 5. HP: 11/36 MP: 5/5
  3032 | D:3      | Found an ornate altar of the Wu Jian Council.
  3228 | D:4      | Found a sand-covered staircase.
  3233 | Ossuary  | Entered an ossuary
  3233 | Ossuary  | Noticed a wraith
  3233 | Ossuary  | Noticed a wraith
  3233 | Ossuary  | Noticed a wraith
  3451 | Ossuary  | Reached XP level 6. HP: 25/43 MP: 6/6
  3627 | Ossuary  | Noticed a wraith
  3638 | Ossuary  | Mangled by a wraith

Illustrated notes

Levels and vault maps discovered:
D:1:      dpeg_arrival_rooms_c, layout_basic, serial_bayou_lagoon_b
D:2:      wander_river, layout_basic, general_overflow_altar
D:3:      layout_basic, grunt_temple_overflow_open, nzn_wu_jian_council_hall,
          lemuel_round_altar
D:4:      layout_basic, temple_green, serial_bayou, serial_bayou_pond_e,
          serial_bayou_shore_b, serial_bayou_lake_a, serial_bayou_pond_d,
          enter_ossuary_2
Ossuary:  ossuary_kennysheep_city_of_the_dead

Skill      XL: |  1  2  3  4  5 |
---------------+----------------+-----
Stealth        | 1 2 3 |  3.1
Long Blades    | 3 |  3.9
Fighting       | |  3.7
Dodging        | |  3.7
Shields        | |  3.7

Action                   |  1- 3 |  4- 6 || total
-------------------------+-------+-------++-------
Melee: Long sword        |    63 |    95 ||   158
       Constrict         |    21 |    23 ||    44
       Tentacles         |    13 |    15 ||    28
Throw: Dart              |       |     2 ||     2
  Use: Scroll            |       |     9 ||     9
       Potion            |       |     3 ||     3
 Stab: Sleeping          |     9 |     6 ||    15
       Distracted        |       |     1 ||     1
Armor: Skin              |     3 |     8 ||    11
Dodge: Dodged            |    17 |    41 ||    58
Block: Kite shield       |    20 |    34 ||    54
       Rpst.: Long sword |     6 |    15 ||    21
